AoeStats
← Maty

Arena

510417041Analyzed
4v4 RM · 20h ago on Sep 30, 2026· 36m 5s· 8 players
Game mode
Random Map
Map size
Large (8 player)
Population
200
Speed
Normal
Resources
Standard
Victory
Conquest
Starting age
Dark Age
Ending age
Imperial Age
RankedLock teamsTeams togetherTeam positionsShared explorationLock speedFull tech treeHidden civsTurbo modeCheats
Victory
Defeat
🇹🇷 Gurjaras · Türkiye
1580
+14
🇲🇽 Spanish · Mexico
1527
+16
🇪🇨 Danes · Ecuador
1522
+17
🇲🇽 Vietnamese · Mexico
1501
+17
🇦🇷 Slavs · Argentina
1541
-16
🇦🇷 Britons · Argentina
1534
-16
🇦🇷 Mongols · Argentina
1532
-16
🇦🇷 Burgundians · Argentina
1531
-16
Blood
10:39 Feudal Age
14:13 Castle Age
12:19 Double-Bit Axe
12:18 Horse Collar
20:25 Bow Saw
21:58 Wheelbarrow
21:46 Heavy Plow
22:23 Gold Mining
24:44 Hand Cart
27:06 Imperial Age
24:43 Scale Mail Armor
25:12 Forging
25:04 Stone Mining
25:45 Hand Cart
25:16 Loom
25:17 Town Watch
26:06 Pikeman
26:47 Squires
27:03 Chain Mail Armor
27:24 Iron Casting
28:54 Two-Man Saw
27:45 Halberdier
29:34 Plate Mail Armor
28:45 Capped Ram
31:54 Blast Furnace
32:16 Heavy Scorpion
35:46 Chemistry
34:52 Siege Engineers
34:26 Siege Ram
35:54 Gold Shaft Mining
35:51 Crop Rotation
35:23 Onager
36:27 Conscription
Lauta
10:27 Feudal Age
14:06 Castle Age
12:26 Double-Bit Axe
12:49 Horse Collar
15:19 Bow Saw
16:33 Fletching
21:18 Town Watch
21:20 Loom
24:00 Wheelbarrow
28:21 Imperial Age
26:36 Bodkin Arrow
26:50 Gold Mining
28:14 Gold Shaft Mining
29:04 Ballistics
30:26 Chemistry
29:51 Bracer
30:25 Padded Archer Armor
32:01 Conscription
32:39 Leather Archer Armor
35:13 Ring Archer Armor
35:47 Two-Man Saw
sk
10:14 Feudal Age
12:07 Double-Bit Axe
14:27 Castle Age
12:22 Horse Collar
15:24 Bow Saw
15:15 Heavy Plow
22:35 Gold Mining
23:31 Stone Mining
24:53 Fletching
poi
5:35 Double-Bit Axe
7:43 Horse Collar
11:17 Feudal Age
12:39 Loom
15:31 Castle Age
14:07 Bow Saw
14:16 Gold Mining
20:34 Fortified Wall
24:46 Fletching
CAMF
10:32 Feudal Age
14:35 Castle Age
12:39 Double-Bit Axe
13:01 Horse Collar
13:34 Stone Mining
14:06 Loom
16:29 Fletching
22:48 Bodkin Arrow
26:59 Ballistics
26:49 Padded Archer Armor
27:57 Bow Saw
27:55 Gold Mining
28:12 Heavy Plow
30:19 Wheelbarrow
29:30 Town Watch
36:14 Imperial Age
35:12 Leather Archer Armor
Duaaa
11:52 Feudal Age
15:31 Castle Age
13:28 Double-Bit Axe
13:55 Horse Collar
14:18 Loom
16:25 Bow Saw
17:03 Loom
22:24 Padded Archer Armor
23:30 Wheelbarrow
23:16 Gold Mining
28:55 Imperial Age
27:19 Heavy Plow
27:58 Leather Archer Armor
28:36 Fletching
28:49 Stone Mining
29:50 Bodkin Arrow
31:17 Ring Archer Armor
31:43 Bracer
34:28 Conscription
35:27 Elite Skirmisher
Théoden
10:42 Feudal Age
12:04 Horse Collar
14:52 Castle Age
12:44 Double-Bit Axe
15:44 Bow Saw
17:43 Loom
26:46 Heavy Plow
28:17 Wheelbarrow
31:46 Imperial Age
29:24 Gold Mining
30:07 Ballistics
29:48 Padded Archer Armor
30:52 Gold Shaft Mining
30:57 Hand Cart
30:34 Fletching
31:10 Bodkin Arrow
31:30 Leather Archer Armor
32:33 Bracer
33:34 Chemistry
33:20 Leather Archer Armor
33:49 Crop Rotation
33:26 Husbandry
33:37 Bloodlines
33:21 Elite Elephant Archer
34:07 Thumb Ring
33:50 Siege Elephant
36:27 Stone Mining
Maty
9:56 Feudal Age
13:57 Castle Age
12:01 Double-Bit Axe
12:11 Horse Collar
15:14 Bow Saw
18:50 Wheelbarrow
18:35 Loom
19:01 Town Watch
20:39 Hand Cart
24:35 Gold Mining
24:36 Stone Mining
25:51 Gold Shaft Mining
25:53 Stone Shaft Mining
29:05 Imperial Age
27:58 Scale Mail Armor
28:02 Heavy Plow
28:14 Masonry
28:26 Ballistics
30:11 Chain Mail Armor
30:07 Forging
29:38 Pikeman
30:19 Squires
30:05 Gambesons
29:49 Elite Varangian Guard
31:05 Conscription
33:11 Hoardings
31:57 Hamask
32:24 Arson
33:12 Plate Mail Armor
33:41 Capped Ram
35:31 Iron Casting
35:35 Onager
Connection lost

Rejoining the realm…

Still unreachable

The connection could not be restored.

Session expired

The server has moved on; the page needs a fresh start.